 Dungeon Crawl Stone Soup version 0.27-a0-1118-ga84896973d (webtiles) character file.

Game seed: 1970387567700150953

144 Lakar the Digger (level 5, -1/28 HPs)
             Began as a Gargoyle Earth Elementalist on May 2, 2021.
             Killed by divine providence
             ... invoked by an orc priest
              (14 damage)
             ... on level 3 of the Dungeon.
             The game lasted 00:05:22 (2948 turns).

Lakar the Digger (Gargoyle Earth Elementalist)      Turns: 2948, Time: 00:05:22

Health: -1/28      AC:  7    Str: 12    XL:     5   Next: 27%
Magic:  8/10       EV: 11    Int: 16    God:
Gold:   69         SH:  0    Dex: 10    Spells: 1/10 levels left

rFire    . . .     SeeInvis .   k - +1 falchion (flame)
rCold    . . .     Faith    .   (no shield)
rNeg     + . .     Spirit   .   c - +0 robe
rPois    ∞         Reflect  .   j - +0 helmet
rElec    +         Harm     .   (no cloak)
rCorr    .         Rampage  .   (no gloves)
Will     .....                  (no boots)
Stlth    ++........             (no amulet)
HPRegen  0.09/turn              (no ring)
MPRegen  0.12/turn              (no ring)

@: no status effects
A: AC +4, negative energy resistance 1, electricity resistance, torment
resistance 1, unbreathing 1, petrification resistance
a: no special abilities


You were on level 3 of the Dungeon.
You visited 1 branch of the dungeon, and saw 3 of its levels.

You collected 69 gold pieces.

Inventory:

Hand Weapons
 g - a +0 dagger
 i - a +0 mace
 k - a +1 falchion of flaming (weapon)
Missiles
 b - 28 stones
Armour
 c - a +0 robe (worn)
 j - a +0 helmet (worn)
Jewellery
 e - a ring of fire
Scrolls
 m - a scroll of immolation
Potions
 d - a potion of haste {unknown}
 f - a potion of lignification {unknown}
 h - a potion of heal wounds {unknown}
 l - a potion of mutation {unknown}


   Skills:
 - Level 1.5 Dodging
 - Level 2.1 Stealth
 + Level 3.3 Spellcasting
 + Level 2.2 Conjurations
 - Level 0.7 Transmutations
 + Level 5.2 Earth Magic


You had one spell level left.
You knew the following spells:

 Your Spells              Type           Power      Damage    Failure   Level
a - Sandblast             Erth           38%        2d10      2%          1
b - Stone Arrow           Conj/Erth      28%        3d8       12%         3
c - Lee's Rapid Deconstr  Erth           9%         3d8*      52%         5

Your spell library contained the following spells:

 Spells                   Type           Power      Damage    Failure   Level
 Magic Dart               Conj           36%        1d4       7%          1
 Passwall                 Tmut/Erth      10%        N/A       9%          2
 Searing Ray              Conj           18%        3d3       11%         2
 Dazzling Flash           Conj/Hex       12%        N/A       34%         3
 Petrify                  Tmut/Erth      12%        N/A       47%         4
 Fulminant Prism          Conj/Hex       3%         3d6       75%         4
 Iskenderun's Mystic Bla  Conj/Tloc      6%         2d4       75%         4


Dungeon Overview and Level Annotations

Branches:
Dungeon (3/15)

Altars:

Shops:
D:1 ?!*   D:2 [


Innate Abilities, Weirdness & Mutations

Your stone body is resilient. (AC +4)
You are immune to poison.
You resist negative energy. (rN+)
You are resistant to electric shocks. (rElec)
You are resistant to unholy torment.
You can survive without breathing.
You are immune to petrification.


Message History

The orc barely misses you. The orc barely misses you.
You barely miss the orc. The orc hits you with a +0 trident.
You hit the orc. You burn the orc.
You kill the orc!
The orc throws a boomerang.
The boomerang misses you. The orc hits you with a +0 club.
You barely miss the orc.
The orc priest invokes the aid of Beogh against you.
Beogh smites you!
Ouch! That really hurt!
* * * LOW HITPOINT WARNING * * *
The orc misses you.
You are too injured to fight recklessly!
You are too injured to fight recklessly!
You are too injured to fight recklessly!
You are too injured to fight recklessly!
Unknown command.
Unknown command.
You feel better. The orc closely misses you.
Casting: Sandblast (safe; 2% risk of failure)
Confirm with . or Enter, or press ? or * to list all spells.
Aiming: Sandblast (safe; 2% risk of failure)
Press: ? - help, Shift-Dir - straight line, f - orc
Aim: an orc, wielding a +0 club, wearing a +0 leather armour and quivering boomerangs (79% to hit)
The blast of sand hits the orc!
You kill the orc!
Unknown command.
Casting: Sandblast (safe; 2% risk of failure)
Confirm with . or Enter, or press ? or * to list all spells.
Aiming: Sandblast (safe; 2% risk of failure)
Press: ? - help, Shift-Dir - straight line, f - orc
Aim: an orc, wielding a +0 dagger and quivering boomerangs (79% to hit)
The blast of sand misses the orc.
The blast of sand hits the orc priest.
The orc priest is moderately wounded.
The orc hits you with a +0 dagger.
The orc priest mumbles some strange prayers to Beogh against you.
Beogh smites you!
Ouch! That really hurt!
You die...

### #######.#
#....@oo# #.#####.#
#.#...#.#
############....[#o#
.................#.#
....###..........#o#
###.# #.########.#o#
###### #.# #.# .#.#
#....# ##.#
#.##########.#
#.o..#


You could see an orc priest and an orc.

Vanquished Creatures
  Jessica (D:3)
  Natasha (D:3)
  A gnoll (D:1)
  3 adders (D:2)
  A worm (D:2)
  A dart slug (D:1)
  2 orcs (D:3)
  2 endoplasms (D:2)
  A giant cockroach (D:2)
  3 goblins
  3 hobgoblins (D:1)
  8 jackals (D:1)
  2 quokkas (D:1)
  10 ball pythons
  A bat (D:1)
  4 frilled lizards
  3 kobolds
  5 rats
52 creatures vanquished.

Notes
Turn   | Place    | Note
-------+----------+-------------------------------------------
     0 | D:1      | Lakar the Gargoyle Earth Elementalist began the quest for
                  | the Orb.
     0 | D:1      | Reached XP level 1. HP: 10/10 MP: 3/3
    24 | D:1      | Found Tiablog's Magic Scroll Shop.
   190 | D:1      | Reached skill level 4 in Earth Magic
   190 | D:1      | Reached XP level 2. HP: 13/15 MP: 5/5
   309 | D:1      | Found a faded altar of an unknown god.
   525 | D:1      | Reached XP level 3. HP: 10/19 MP: 0/6
   529 | D:1      | Learned a level 3 spell: Stone Arrow
   831 | D:1      | Found Pyrol's Distillery.
   850 | D:1      | Found Reen's General Store.
  1337 | D:2      | Found Suogg's Armour Shoppe.
  1422 | D:2      | Reached skill level 1 in Conjurations
  1555 | D:2      | Reached XP level 4. HP: 19/24 MP: 8/8
  2737 | D:3      | Noticed Jessica
  2738 | D:3      | Killed Jessica
  2739 | D:3      | Reached skill level 5 in Earth Magic
  2765 | D:3      | Noticed Natasha
  2779 | D:3      | Killed Natasha
  2780 | D:3      | Reached XP level 5. HP: 28/28 MP: 6/10
  2832 | D:3      | Learned a level 5 spell: Lee's Rapid Deconstruction
  2948 | D:3      | Killed from afar by an orc priest

Illustrated notes

Levels and vault maps discovered:
D:1:      ncdulo_smallfort, layout_loops_ring, serial_shops, shop,
          nicolae_shop_crystal, shop, chequers_ecumenical_altar_simple_redux,
          minmay_heptomino_o4
D:2:      wad_crossroads, layout_loops_corners, serial_shops, nicolae_shop_stone
D:3:      layout_basic, uniq_natasha, uniq_jessica, uniq_sigmund

Skill      XL: |  1  2  3  4 |
---------------+-------------+-----
Earth Magic    | 4 5 |  5.2
Conjurations   | 1 2 |  2.2
Spellcasting   | 3 |  3.3
Dodging        | |  1.5
Stealth        | |  2.1
Transmutations | |  0.7

Action                   |  1- 3 |  4- 6 || total
-------------------------+-------+-------++-------
Melee: Unarmed           |    17 |       ||    17
       Club              |    28 |       ||    28
       Falchion          |    33 |    65 ||    98
       Dagger            |    10 |       ||    10
 Cast: Sandblast         |    23 |     6 ||    29
  Use: Scroll            |     6 |     2 ||     8
       Potion            |       |     1 ||     1
 Stab: Sleeping          |     4 |     1 ||     5
Armor: Robe              |    31 |    29 ||    60
Dodge: Dodged            |    70 |    56 ||   126
       Rpst.: Falchion   |     6 |    15 ||    21

Table legend: (Time is in decaauts)
 A = Elapsed time spent in this place.
 B = Non-inter-level travel time spent in this place.
 C = Inter-level travel time spent in this place.
 D = Time resting spent in this place.
 E = Time spent auto-exploring this place.
 F = Levels seen in this place.
 G = Mean time per level.
                   A        B        C        D        E       F      G
               +--------+--------+--------+--------+--------+-----+--------+
         Total |   2984 |   2862 |    122 |    123 |   2201 |   3 |  994.7 |
       Dungeon |   2984 |   2862 |    122 |    123 |   2201 |   3 |  994.7 |
               +--------+--------+--------+--------+--------+-----+--------+

Top non-repeatable levels by time:
     D:1: 1342 daAuts
     D:2: 1322 daAuts
     D:3: 319 daAuts
